 Dungeon Crawl Stone Soup version 0.20.0-15-g7f486f2 (console) character file.

28 removed the Ducker (level 3, 15/16 HPs)
             Began as a Spriggan Necromancer on June 10, 2017.
             Quit the game on level 1 of the Dungeon.
             The game lasted 00:01:01 (1978 turns).

removed the Ducker (Spriggan Necromancer)           Turns: 1978, Time: 00:01:01

Health: 15/16      AC:  2    Str:  4    XL:     3   Next: 0%
Magic:  5/8        EV: 20    Int: 17    God:
Gold:   13         SH:  0    Dex: 16    Spells: 6/7 levels left

rFire    . . .     SeeInvis +   (weapon restricted)
rCold    . . .     Gourm    .   (shield restricted)
rNeg     . . .     Faith    .   a - +0 robe
rPois    .         Spirit   .   (helmet restricted)
rElec    .         Reflect  .   (no cloak)
rCorr    .         Harm     .   (gloves unavailable)
MR       .....                  (boots unavailable)
Stlth    ++........             (no amulet)
Regen    0.1/turn               (no ring)
MPRegen  0.2/turn               (no ring)

@: very slightly contaminated, very quick
A: unfitting armour, see invisible, herbivore 3, speed 3, slow metabolism 2
a: no special abilities


You were on level 1 of the Dungeon.
You were not hungry.

You visited 1 branch of the dungeon, and saw 1 of its levels.

You collected 13 gold pieces.

Inventory:

Armour
 a - a +0 robe (worn)
Scrolls
 e - a scroll of identify {unknown}
Potions
 d - 2 potions of curing {unknown}
 f - 2 potions of ambrosia {unknown}
Books
 b - a book of Necromancy

   Spells                             Type                      Level
   a - Pain                           Necromancy                   1
   b - Animate Skeleton               Necromancy                   1
   c - Vampiric Draining              Necromancy                   3
   d - Regeneration                   Charms/Necromancy            3
   e - Animate Dead                   Necromancy                   4
   f - Control Undead                 Necromancy                   4
Comestibles
 c - 2 bread rations
 g - a fruit


   Skills:
 + Level 5.1 Dodging
 - Level 3.0 Stealth
 - Level 2.6 Spellcasting
 - Level 3.6 Necromancy


You had 6 spell levels left.
You knew the following spells:

 Your Spells              Type           Power        Failure   Level  Hunger
a - Pain                  Necr           ##..         4%          1    #......


Dungeon Overview and Level Annotations

Branches:
Dungeon (1/15)

Altars:


Innate Abilities, Weirdness & Mutations

You are very small and have problems with some larger weapons.
You are too small for most types of armour.
You have supernaturally acute eyesight. (SInv)
You are a herbivore.
You cover ground extremely quickly.
You need consume almost no food.


Message History

Confirm with . or Enter, or press ? or * to list all spells.
Aiming: Pain
Press: ? - help, Shift-Dir - straight line, f - goblin
Aim: a goblin (hasn't noticed you, chance to defeat MR: 83%)
You miscast Pain.
You are very lightly contaminated with residual magic.
Nothing appears to happen.
The goblin shouts!
Casting: Pain
Confirm with . or Enter, or press ? or * to list all spells.
Aiming: Pain
Press: ? - help, Shift-Dir - straight line, f/p - goblin
Aim: a goblin (chance to defeat MR: 83%)
The goblin writhes in agony!
You kill the goblin!
You have reached level 3!
Your experience leads to an increase in your attributes!
Increase (S)trength, (I)ntelligence, or (D)exterity?
You feel clever.
Are you sure you want to abandon this character and quit the game? (Confirm with "yes".)

###################
#..................
#.#################
#.#.......#
#.#...†...#
#.#.......#
#.#.......###
#.@.......'.#######
#.#.......#.##.....
###.#.......#.##.#...
#.#.#.......#.##.#.##
#...........#.##.#'##
#.##........#(##....#
#.##...####.#.##....'
#.##...# #.#.##....#
#.#########.#.##....#


There were no monsters in sight!

Vanquished Creatures
  2 dart slugs (D:1)
  A giant cockroach (D:1)
  2 hobgoblins (D:1)
  5 bats (D:1)
  2 frilled lizards (D:1)
  3 goblins (D:1)
  5 kobolds (D:1)
  7 rats (D:1)
27 creatures vanquished.

Notes
Turn   | Place    | Note
-------+----------+-------------------------------------------
     0 | D:1      | removed the Spriggan Necromancer began the quest for the Orb.
     0 | D:1      | Reached XP level 1. HP: 9/9 MP: 5/5
   461 | D:1      | Reached skill level 4 in Dodging
   461 | D:1      | Reached XP level 2. HP: 3/13 MP: 1/6
  1522 | D:1      | Reached skill level 5 in Dodging
  1977 | D:1      | Reached XP level 3. HP: 16/16 MP: 5/8
  1978 | D:1      | Quit the game

Skill      XL: |  1  2 |
---------------+-------+-----
Dodging        | 4 5 |  5.1
Stealth        | |  3.0
Spellcasting   | |  2.6
Necromancy     | |  3.6

Action                   || total
-------------------------++-------
Melee: Unarmed           ||     1
 Cast: Pain              ||    56
Armor: Robe              ||     1
Dodge: Dodged            ||    11
